 Dungeon Crawl Stone Soup version 0.27-a0-1200-g94dc6ad4cf (webtiles) character file.

Game seed: 14980622564196239649

28 Shayle the Skirmisher (level 3, -6/39 HPs)
             Began as an Ogre Warper on June 1, 2021.
             Mangled by an ogre
             ... wielding a +0 giant club
              (13 damage)
             ... on level 2 of the Dungeon.
             The game lasted 00:03:15 (1336 turns).

Shayle the Skirmisher (Ogre Warper)                 Turns: 1336, Time: 00:03:16

Health: -6/39      AC:  3    Str: 15    XL:     3   Next: 14%
Magic:  6/6        EV:  9    Int: 20    God:
Gold:   40         SH:  0    Dex:  8    Spells: 6/6 levels left

rFire    . . .     SeeInvis .   f - +7 giant club of the Pyrrhic Victory {drain, *Noise Int+5}
rCold    . . .     Faith    .   (shield currently unavailable)
rNeg     . . .     Spirit   .   b - +0 robe
rPois    .         Reflect  .   (helmet restricted)
rElec    .         Harm     .   (no cloak)
rCorr    .         Rampage  .   (gloves unavailable)
Will     .....                  (boots unavailable)
Stlth    +.........             (no amulet)
HPRegen  0.13/turn              (no ring)
MPRegen  0.10/turn              (no ring)

@: no status effects
A: large, unfitting armour, tough skin 1
a: no special abilities


You were on level 2 of the Dungeon.
You visited 1 branch of the dungeon, and saw 2 of its levels.

You collected 40 gold pieces.

Inventory:

Hand Weapons
 a - a +0 mace
 f - the +7 giant club of the Pyrrhic Victory (weapon) {drain, *Noise Int+5}
   (You acquired it on level 1 of the Dungeon)

   A truly terrible weapon, it drains the life of those it strikes.
   It affects your intelligence (+5).
   It may make noises in combat.
Missiles
 c - 14 poisoned darts (quivered)
 e - 4 boomerangs of dispersal
Armour
 b - a +0 robe (worn)
Scrolls
 d - a scroll of blinking
 i - a scroll of immolation {unknown}
 m - a scroll of teleportation {unknown}
Potions
 g - a potion of mutation {unknown}
 h - a potion of cancellation {unknown}
 j - a potion of invisibility {unknown}
 k - a potion of haste {unknown}
 l - a potion of heal wounds {unknown}


   Skills:
 - Level 3.8 Fighting
 + Level 2.5 Maces & Flails
 - Level 1.0 Throwing
 - Level 2.1 Dodging
 - Level 2.4 Spellcasting
 - Level 2.6 Translocations


You had 6 spell levels left.
You didn't know any spells.
Your spell library contained the following spells:

 Spells                   Type           Power      Damage    Failure   Level
 Blink                    Tloc           N/A        N/A       8%          2
 Gell's Gravitas          Tloc           6%         N/A       16%         3
 Lesser Beckoning         Tloc           6%         N/A       16%         3
 Teleport Other           Tloc           13%        N/A       16%         3
 Manifold Assault         Tloc           13%        N/A       80%         5


Dungeon Overview and Level Annotations

Branches:
Dungeon (2/15)

Altars:


Innate Abilities, Weirdness & Mutations

You are too large for most types of armour.
You have tough skin. (AC +1)


Message History

There is an open door here.
As you open the door, it creaks loudly!
There is an open door here.
You see here a +0 dagger.
Done exploring.
This is a scroll of acquirement!
Something appears at your feet!
f - the +7 giant club of the Pyrrhic Victory {drain, *Noise Int+5} You feel clever.
You sense an unholy aura.
f - the +7 giant club of the Pyrrhic Victory (weapon)
{drain, *Noise Int+5} Done exploring.
Setting a skill training target for Maces & Flails at 18.0.
Done exploring.
(D) Dungeon
Where to? (? - help)
There is a stone staircase leading down here.
You climb downwards.
Found an escape hatch in the floor.
There is a stone staircase leading up here.
There is a stone staircase leading up here.
An ogre comes into view. It is wielding a +0 giant club.
The ogre shouts!
A bat comes into view.
You bludgeon the bat!!
Your giant club of the Pyrrhic Victory goes toot-toot!
You kill the bat!
You hear a shout! x4; You hear an angry hiss.
You closely miss the ogre.
The ogre hits you with a +0 giant club!!
You hit the ogre.
The ogre is lightly wounded.
The ogre hits you with a +0 giant club!
* * * LOW HITPOINT WARNING * * *
The ogre completely misses you.
Unknown command.
You barely miss the ogre.
The ogre is lightly wounded.
The ogre hits you with a +0 giant club!
You die...

.... ##### ...
....#####.#
#........#
#........#
#........#
#........####...
#..##....<...>....#
......O@#.#.#####.#
#.#.#.#.#.#.# ..
#.#.#.# ... ....#.#
### #.#.#.# #.#....
#.#.#.. #.# #..


You could see an ogre.

Vanquished Creatures
  A dart slug (D:1)
  3 ball pythons (D:1)
  3 bats
  A giant cockroach (D:1)
  2 hobgoblins (D:1)
  2 jackals (D:1)
  A quokka (D:1)
  A frilled lizard (D:1)
  4 goblins (D:1)
  4 kobolds (D:1)
  3 rats (D:1)
25 creatures vanquished.

Notes
Turn   | Place    | Note
-------+----------+-------------------------------------------
     0 | D:1      | Shayle the Ogre Warper began the quest for the Orb.
     0 | D:1      | Reached XP level 1. HP: 22/22 MP: 3/3
   241 | D:1      | Reached skill level 3 in Fighting
   460 | D:1      | Reached XP level 2. HP: 31/31 MP: 5/5
   914 | D:1      | Reached XP level 3. HP: 39/39 MP: 6/6
  1311 | D:1      | Identified a scroll of acquirement
  1311 | D:1      | Acquired the +7 giant club of the Pyrrhic Victory {drain,
                  | *Noise Int+5}
  1329 | D:2      | Noticed an ogre
  1336 | D:2      | Mangled by an ogre

Illustrated notes

Levels and vault maps discovered:
D:1:      wander_arrival_lonely_grave, layout_loops_corners
D:2:      layout_basic, basic_altar, uniq_jessica

Skill      XL: |  1 |
---------------+----+-----
Fighting       | 3 |  3.8
Maces & Flails | 2 |  2.5
Throwing       | |  1.0
Dodging        | |  2.1
Spellcasting   | |  2.4
Translocations | |  2.6

Action                   || total
-------------------------++-------
Melee: Mace              ||    73
       Giant club        ||     4
Throw: Dart              ||    21
       Boomerang         ||     1
  Use: Scroll            ||     1
Armor: Robe              ||    28
Dodge: Dodged            ||    34

Table legend: (Time is in decaauts)
 A = Elapsed time spent in this place.
 B = Non-inter-level travel time spent in this place.
 C = Inter-level travel time spent in this place.
 D = Time resting spent in this place.
 E = Time spent auto-exploring this place.
 F = Levels seen in this place.
 G = Mean time per level.
                   A        B        C        D        E       F      G
               +--------+--------+--------+--------+--------+-----+--------+
         Total |   1356 |   1348 |      8 |    114 |    923 |   2 |  678.0 |
       Dungeon |   1356 |   1348 |      8 |    114 |    923 |   2 |  678.0 |
               +--------+--------+--------+--------+--------+-----+--------+

Top non-repeatable levels by time:
     D:1: 1341 daAuts
     D:2: 15 daAuts
